 Dungeon Crawl Stone Soup version 0.27.0-1-g7a089689b8 (webtiles) character file.

Game seed: 13342248640213420149

221 SnakkuSnakku7 the Chucker (level 5, 0/40 HPs)
             Began as a Draconian Arcane Marksman on Aug 7, 2021.
             Slain by a centaur (1 damage)
             ... on level 4 of the Dungeon.
             The game lasted 00:02:31 (3210 turns).

SnakkuSnakku7 the Chucker (DrAM)                    Turns: 3210, Time: 00:02:31

Health: 0/40       AC:  6    Str: 13    XL:     5   Next: 65%
Magic:  6/6        EV: 12    Int: 13    God:
Gold:   149        SH:  0    Dex: 12    Spells: 5/6 levels left

rFire    . . .     SeeInvis .   l - +2 quarterstaff (chaos)
rCold    . . .     Faith    .   (shield currently unavailable)
rNeg     . . .     Spirit   .   (armour unavailable)
rPois    .         Reflect  .   (helmet restricted)
rElec    .         Harm     .   m - +0 cloak
rCorr    .         Rampage  .   (no gloves)
Will     .....                  (no boots)
Stlth    +.........             (no amulet)
HPRegen  0.13/turn              (no ring)
MPRegen  0.10/turn              (no ring)

@: no status effects
A: AC +5, unfitting armour, cold-blooded
a: no special abilities


You were on level 4 of the Dungeon.
You visited 1 branch of the dungeon, and saw 4 of its levels.

You collected 149 gold pieces.

Inventory:

Hand Weapons
 c - a +0 dagger
 g - a +0 quarterstaff
 l - a +2 quarterstaff of chaos (weapon)
Missiles
 a - 5 javelins (quivered)
 b - a throwing net
 p - 2 poisoned darts
Armour
 m - a +0 cloak (worn)
Jewellery
 n - a ring of flight
Scrolls
 d - 2 scrolls of enchant weapon {unknown}
 f - 3 scrolls of identify {unknown}
 i - a scroll of noise {unknown}
 j - 3 scrolls of fear {unknown}
Potions
 e - a potion of degeneration {unknown}
 h - 3 potions of haste {unknown}
 k - a potion of might {unknown}
 o - a potion of attraction {unknown}


   Skills:
 - Level 1.1 Fighting
 + Level 5.5 Throwing
 - Level 1.7 Dodging
 - Level 1.0 Spellcasting
 - Level 2.6 Hexes


You had 5 spell levels left.
You knew the following spells:

 Your Spells              Type           Power      Damage    Failure   Level
a - Corona                Hex            7%         N/A       10%         1

Your spell library contained the following spells:

 Spells                   Type           Power      Damage    Failure   Level
 Slow                     Hex            7%         N/A       14%         2
 Inner Flame              Hex/Fire       4%         N/A       43%         3
 Portal Projectile        Hex/Tloc       8%         N/A       43%         3
 Cause Fear               Hex            3%         N/A       67%         4


Dungeon Overview and Level Annotations

Branches:
Dungeon (4/15)
 Temple: D:4-7

Altars:
Cheibriados
Elyvilon
Fedhas
Makhleb
Nemelex Xobeh
Qazlal
Uskayaw


Innate Abilities, Weirdness & Mutations

Your plain brown scales are hard. (AC +5)
You cannot fit into any form of body armour.
You are cold-blooded and may be slowed by cold attacks.


Message History

a +0 dagger; 2 poisoned darts; a kobold corpse
p - 2 poisoned darts A dart slug comes into view.
You see here 18 gold pieces.
A dart slug is nearby!
A dart slug is nearby!
A dart slug is nearby!
You now have 149 gold pieces (gained 18).
Found a stone staircase leading up.
The dart slug bites you but does no damage.
You barely miss the dart slug. The dart slug closely misses you.
You sock the dart slug!
The dart slug is almost dead.
The dart slug barely misses you.
You sock the dart slug!
You kill the dart slug!
You see here a dart slug corpse.
A kobold comes into view. It is wielding a +0 short sword.
Found a sapphire potion.
A kobold is nearby!
The kobold shouts!
You hear a shout!
A centaur comes into view.
The centaur wields a +0 shortbow.
The centaur shoots an arrow.
The arrow closely misses you.
Found 20 sling bullets.
The centaur shoots an arrow.
The arrow misses you.
The centaur shoots an arrow.
The arrow hits you.
You hear a shout!
The kobold hits you with a +0 short sword.
The centaur shoots an arrow.
The arrow hits you. The kobold hits you but does no damage.
The centaur shoots an arrow.
The arrow hits you!
The centaur shoots an arrow.
The arrow misses you.
The centaur shoots an arrow.
The arrow hits you.
The centaur shoots an arrow.
The arrow completely misses you.
The kobold hits you with a +0 short sword.
The centaur shoots an arrow.
The arrow hits you!
* * * LOW HITPOINT WARNING * * *
The centaur unwields a +0 shortbow.
The centaur hits you.
You die...

.......###
.#...#...##
.....###..##
.....#
##..##
...###
##..### ###
###..##
##..##
##.c###
##.@.##
###K.# ####


You could see a centaur and a kobold.

Vanquished Creatures
  Sigmund (D:2)
  Crazy Yiuf (D:2)
  A dart slug (D:4)
  An orc (D:3)
  5 endoplasms
  A giant cockroach (D:3)
  5 goblins
  3 hobgoblins
  4 jackals (D:2)
  7 kobolds
  A quokka (D:2)
  A ball python (D:2)
  8 bats
  2 frilled lizards
  2 rats
43 creatures vanquished.

Notes
Turn   | Place    | Note
-------+----------+-------------------------------------------
     0 | D:1      | SnakkuSnakku7 the Draconian Arcane Marksman began the quest
                  | for the Orb.
     0 | D:1      | Reached XP level 1. HP: 16/16 MP: 2/2
   118 | D:1      | Reached skill level 2 in Throwing
   375 | D:1      | Found a faded altar of an unknown god.
   478 | D:1      | Reached XP level 2. HP: 22/23 MP: 3/3
   875 | D:2      | Reached skill level 3 in Throwing
  1039 | D:2      | Noticed Sigmund
  1420 | D:3      | Reached XP level 3. HP: 8/28 MP: 4/4
  1761 | D:3      | Found a white marble altar of Elyvilon.
  1768 | D:3      | Found a hide-covered altar of Uskayaw.
  1770 | D:3      | Found a sparkling altar of Nemelex Xobeh.
  1772 | D:3      | Found a blossoming altar of Fedhas.
  1773 | D:3      | Found a burning altar of Makhleb.
  1774 | D:3      | Found a snail-covered altar of Cheibriados.
  1948 | D:2      | Killed Sigmund
  1949 | D:2      | Reached skill level 5 in Throwing
  1949 | D:2      | Reached XP level 4. HP: 19/35 MP: 5/5
  1949 | D:2      | Reached XP level 5. HP: 22/40 MP: 6/6
  2117 | D:2      | Found a runed translucent door.
  2118 | D:2      | Noticed Crazy Yiuf
  2589 | D:2      | Killed Crazy Yiuf
  2966 | D:3      | Found a stormy altar of Qazlal.
  3191 | D:4      | Noticed a centaur
  3209 | D:4      | HP: 1/40 [centaur/arrow (12)]
  3210 | D:4      | Slain by a centaur

Illustrated notes

Levels and vault maps discovered:
D:1:      mrwooster_arrival_statue, layout_basic, serial_curves, eino_curves_01,
          eino_curves_03, hellmonk_ecumenical_altar_inner_sanctum, st_stairs_12
D:2:      layout_loops_ring, uniq_sigmund, uniq_crazy_yiuf_cottage
D:3:      layout_basic, mainiacjoe_overflow_small_starburst, minitemple,
          st_stairs_9
D:4:      layout_cave_pods, abandoned_shop, minmay_misc_feat_plants,
          minmay_misc_feat_pillars

Skill      XL: |  1  2  3 |
---------------+----------+-----
Throwing       | 2 3 5 |  5.5
Fighting       | |  1.1
Dodging        | |  1.7
Spellcasting   | |  1.0
Hexes          | |  2.6

Action                   |  1- 3 |  4- 6 || total
-------------------------+-------+-------++-------
Melee: Dagger            |    60 |       ||    60
       Tailslap          |    11 |     2 ||    13
       Quarterstaff      |    53 |    30 ||    83
Throw: Javelin           |     5 |       ||     5
       Throwing net      |     1 |     1 ||     2
 Stab: Distracted        |     1 |       ||     1
       Held in net/web   |     1 |     1 ||     2
       Sleeping          |     1 |       ||     1
Armor: Skin              |    40 |     7 ||    47
Dodge: Dodged            |   101 |    25 ||   126
